 Dungeon Crawl Stone Soup version 0.29.1-15-g9cfb28693d (webtiles) character file.

Game seed: 5088671667241686190

17187 zeram the Basher (level 12, 0/106 HPs)
             Began as a Minotaur Fighter on Apr 24, 2023.
             Was a Follower of Yredelemnul.
             Killed by divine providence
             ... invoked by an orc priest
              (10 damage)
             ... on level 1 of the Orcish Mines.
             The game lasted 00:25:55 (15193 turns).

zeram the Basher (Minotaur Fighter)                Turns: 15193, Time: 00:25:55

Health: 0/106      AC: 18    Str: 26    XL:     12   Next: 16%
Magic:  11/11      EV:  6    Int:  5    God:    Yredelemnul [*.....]
Gold:   437        SH: 21    Dex: 10    Spells: 11/11 levels left

rFire   . . .      SeeInvis .   M - +3 demon whip (venom)
rCold   . . .      Faith    .   l - +0 tower shield
rNeg    + . .      Spirit   .   k - +0 plate armour
rPois   .          Reflect  +   (helmet restricted)
rElec   .          Harm     .   (no cloak)
rCorr   +          Rampage  .   D - +0 pair of gloves
Will    .....                   n - +0 pair of boots
Stlth   ..........              F - amulet of reflection
HPRegen 0.27/turn               w - ring of resist corrosion
MPRegen 0.12/turn               C - ring of positive energy

@: no status effects
A: horns 2, retaliatory headbutt
a: Renounce Religion, Recall Undead Harvest


You were on level 1 of the Orcish Mines.
You worshipped Yredelemnul.
Yredelemnul was noncommittal.
You visited 3 branches of the dungeon, and saw 13 of its levels.
You also visited: Bailey.

You collected 1084 gold pieces.
You spent 647 gold pieces at shops.

Inventory:

Hand Weapons
 a - a +0 war axe
 e - the +5 mace "Jolirhif" {vorpal, Str+2}
   (You found it on level 2 of the Dungeon)

   It inflicts extra damage upon your enemies.
   Str:       It affects your strength (+2).
 u - a +2 short sword of electrocution
 M - a +3 demon whip of venom (weapon)
Missiles
 s - 3 throwing nets (quivered)
Armour
 c - a +0 buckler
 k - a +0 plate armour (worn)
 l - a +0 tower shield (worn)
 n - a +0 pair of boots (worn)
 D - a +0 pair of gloves (worn)
Jewellery
 j - a ring of fire
 q - a ring of wizardry
 w - a ring of resist corrosion (left hand)
 C - a ring of positive energy (right hand)
 F - an amulet of reflection (around neck)
 G - a +6 ring of dexterity
 O - a ring of fire
Wands
 t - a wand of acid (12)
 x - a wand of roots (5)
 y - a wand of mindburst (1)
 z - a wand of polymorph (2)
 L - a wand of paralysis (5)
Scrolls
 d - 4 scrolls of teleportation
 h - 2 scrolls of butterflies
 o - 2 scrolls of amnesia
 r - 2 scrolls of fear
 v - 2 scrolls of summoning
 H - 3 scrolls of blinking
 K - a scroll of identify
Potions
 b - a potion of haste
 f - 2 potions of mutation
 g - 3 potions of brilliance
 i - 5 potions of heal wounds
 m - 15 potions of degeneration
 p - a potion of might
 A - 7 potions of curing
 B - 3 potions of attraction
 E - 5 potions of flight
 I - a potion of resistance
 J - a potion of cancellation


   Skills:
 + Level 10.2 Fighting
 + Level 3.8(9.3) Axes
 + Level 13.1(13.4) Maces & Flails
 + Level 12.2 Armour
 + Level 2.1 Dodging
 + Level 13.1 Shields


You had 11 spell levels left.
You didn't know any spells.
Your spell library contained the following spells:

 Spells                   Type           Power      Damage    Failure   Level
 Foxfire                  Conj/Fire      0%         2x1d4     100%        1
 Freeze                   Ice            0%         1d3       100%        1
 Magic Dart               Conj           0%         1d3       100%        1
 Shock                    Conj/Air       0%         1d3       100%        1
 Summon Small Mammal      Summ           0%         N/A       100%        1
 Ensorcelled Hibernation  Hex/Ice        0%         N/A       100%        2
 Passwall                 Tmut/Erth      0%         N/A       100%        2
 Poisonous Vapours        Pois/Air       0%         N/A       100%        2
 Searing Ray              Conj           0%         2d4       100%        2
 Sublimation of Blood     Necr           0%         N/A       100%        2
 Call Canine Familiar     Summ           0%         N/A       100%        3
 Conjure Flame            Conj/Fire      0%         6-21      100%        3
 Frozen Ramparts          Ice            0%         1d1       100%        3
 Ignite Poison            Fire/Tmut/Pois 0%         N/A       100%        3
 Inner Flame              Hex/Fire       0%         N/A       100%        3
 Summon Guardian Golem    Hex/Summ       0%         N/A       100%        3
 Swiftness                Air            0%         N/A       100%        3
 Airstrike                Air            0%         2d(0-16)  100%        4
 Corpse Rot               Necr/Pois/Air  0%         N/A       100%        4
 Flame Wave               Conj/Fire      0%         2d4       100%        4
 Fulminant Prism          Conj/Hex       0%         3d6       100%        4
 Hailstorm                Conj/Ice       0%         3d3       100%        4
 Olgreb's Toxic Radiance  Pois           0%         N/A       100%        4
 Petrify                  Tmut/Erth      0%         N/A       100%        4
 Sticky Flame             Conj/Fire      0%         2d3       100%        4
 Irradiate                Conj/Tmut      0%         3d11      100%        5
 Ozocubu's Refrigeration  Ice            0%         4d7       100%        7
 Ignition                 Fire           0%         3d3       100%        8


Dungeon Overview and Level Annotations

Branches:
Dungeon (11/15)            Temple (1/1) D:5            Lair (0/5) D:10
    Orc (1/2) D:11         Bailey (visited)

Altars:
Ashenzari
Cheibriados
Dithmenos
Elyvilon
Fedhas
Gozag
Hepliaklqana
Kikubaaqudgha
Makhleb
Nemelex Xobeh
Okawaru
Qazlal
Ru
Sif Muna
Trog
Uskayaw
Vehumet
Wu Jian
Xom
Yredelemnul
Zin
The Shining One

Shops:
D:2 :   D:5 ?   D:6 =   D:10 !   Orc:1 *


Innate Abilities, Weirdness & Mutations

You have a pair of horns on your head.
You reflexively headbutt those who attack you in melee.


Message History

Your orc warrior zombie hits the orc warrior but does no damage.
You completely miss the orc warrior. You headbutt the orc warrior.
You kill the orc warrior!
The dead are walking!
You block the orc warrior's attack.
Your orc warrior zombie hits the orc warrior.
You block the orc warrior's attack.
The orc priest hits your orc warrior zombie with a +0 club.
Things that are here:
a +0 mace; a +0 chain mail You hit the orc priest.
The orc priest is moderately wounded.
Your orc warrior zombie hits the orc warrior but does no damage.
You hit the orc priest.
The orc priest is heavily wounded.
The orc warrior hits you with a +0 glaive.
The orc priest calls down the wrath of Beogh upon you.
Pain shoots through your body!
You hit the orc priest.
The orc priest is severely wounded.
Your orc warrior zombie closely misses the orc warrior.
The orc priest mumbles some strange prayers to Beogh against you.
Beogh smites you!
* * * LOW HITPOINT WARNING * * *
The orc warrior hits you with a +0 glaive!
* * * LOW HITPOINT WARNING * * *
You closely miss the orc priest.
The orc priest is severely wounded.
Your orc warrior zombie hits the orc warrior but does no damage.
You block the orc warrior's attack. You block the orc priest's attack.
Your orc warrior zombie hits the orc warrior.
Unknown command.
You thrash the orc priest!!
You kill the orc priest!
The dead are walking!
Unknown command.
You block the orc warrior's attack.
The orc priest mumbles some strange prayers to Beogh against you.
Beogh smites you!
You die...
Your body rises from the dead as a mindless zombie.

### ### ##.## #.#### #...##
###..#.# ###.... #<#...#####
#.##... ##).....#.##
##......
#####...Z.....###.......
#..#...@Zo....##........
###.......)Z.o...##.......
#........##)....o#....o...
###........###.......o...#.o
#.#........##.....>......##.
#........####...........#..#
###......###................
#........................#
#.......(.................


You could see an orc warrior (ally target), an orc priest, an orc, 2 friendly
orc warrior zombies and a friendly orc priest zombie.

Vanquished Creatures
  Harold (D:11)
  A hydra (D:6)
  The ghost of Kazon the Cruncher, a journeyman BaFi of Okawaru (D:11)
  A two-headed ogre (D:8)
  An orc knight (D:11)
  An ugly thing (D:11)
  2 cyclopes
  A gargoyle (D:11)
  Maggie (D:7)
  6 trolls
  2 hornets (D:7)
  2 dream sheep
  A shadow (D:9)
  2 wyverns
  2 steam dragons (D:8)
  2 wargs (Orc:1)
  Edmund (D:6)
  3 water moccasins
  23 orc warriors
  3 ogres (Orc:1)
  A sky beast (D:7)
  A black bear (D:6)
  7 centaurs
  An ice beast (D:6)
  2 wolves (D:10)
  A phantom (D:6)
  5 kobold brigands
  2 necrophages
  2 bullfrogs
  2 scorpions
  11 wights
  8 killer bees
  2 electric eels (D:10)
  11 howler monkeys
  A gnoll bouda (D:10)
  11 hounds
  12 orc priests
  3 jellies
  19 orc wizards
  4 iguanas
  8 gnolls
  8 adders
  A shadow imp (D:5)
  3 white imps
  4 worms
  6 dart slugs
  43 orcs
  8 bats
  6 endoplasms
  2 giant cockroaches
  12 goblins
  2 hobgoblins
  7 jackals (D:2)
  5 quokkas
  11 ball pythons
  A frilled lizard (D:3)
  27 kobolds
  8 rats
325 creatures vanquished.

Vanquished Creatures (collateral kills)
  The ghost of tizbic2 the Ruffian, a novice OgTm of Vehumet (D:7)
  A cyclops (D:11)
  An unseen horror (D:11)
  A warg (Orc:1)
  An orc warrior (D:10)
  A sky beast (D:7)
  A bullfrog (D:7)
  A necrophage (D:6)
  2 howler monkeys
  2 orc priests (Orc:1)
  4 orc wizards
  15 orcs
  2 kobolds (D:7)
33 creatures vanquished.

Vanquished Creatures (others)
  2 water moccasin zombies
  2 warg zombies (Orc:1)
  2 troll zombies
  A wolf zombie (D:10)
  A centaur zombie (D:10)
  A bullfrog zombie (D:8)
  A killer bee zombie (D:10)
  2 human zombies
  3 ogre zombies (Orc:1)
  4 hound zombies
  5 howler monkey zombies
  A spectral electric eel (D:10)
  3 gnoll zombies
  A goblin zombie (Bailey)
  6 kobold zombies
  31 orc zombies
  6 plants (D:8)
72 creatures vanquished.

Grand Total: 430 creatures vanquished

Notes
Turn   | Place    | Note
-------+----------+-------------------------------------------
     0 | D:1      | zeram the Minotaur Fighter began the quest for the Orb.
     0 | D:1      | Reached XP level 1. HP: 19/19 MP: 0/0
   140 | D:1      | Found a faded altar of an unknown god.
   460 | D:1      | Reached XP level 2. HP: 27/27 MP: 1/1
  1195 | D:2      | Identified the +5 mace "Jolirhif" {vorpal, Str+2}
  1321 | D:2      | Reached XP level 3. HP: 33/33 MP: 2/2
  1393 | D:2      | Identified the +3 leather armour of the Bouncing Hells
                  | {rCorr SInv}
  1948 | D:2      | Found Souhu's Book Shoppe.
  2276 | D:3      | Reached skill level 1 in Maces & Flails
  2276 | D:3      | Reached XP level 4. HP: 40/40 MP: 3/3
  2558 | D:3      | Reached XP level 5. HP: 43/46 MP: 4/4
  2901 | D:4      | Reached skill level 5 in Armour
  2950 | D:4      | Reached XP level 6. HP: 19/52 MP: 5/5
  3233 | D:4      | Found a bloodstained altar of Trog.
  3277 | D:4      | Reached skill level 5 in Fighting
  3860 | D:5      | Entered Level 5 of the Dungeon
  3880 | D:5      | Reached XP level 7. HP: 61/61 MP: 6/6
  3962 | D:5      | Found Egag's Magic Scroll Shoppe.
  3971 | D:5      | Bought a scroll of identify for 26 gold pieces
  3971 | D:5      | Bought a scroll of fear for 52 gold pieces
  3982 | D:5      | Reached skill level 5 in Maces & Flails
  4139 | D:5      | Reached skill level 5 in Shields
  4423 | D:5      | Found a staircase to the Ecumenical Temple.
  4467 | Temple   | Entered the Ecumenical Temple
  4650 | Temple   | Became a worshipper of Yredelemnul the Dark
  4732 | D:6      | Reached * piety under Yredelemnul
  4816 | D:6      | Found a burning altar of Makhleb.
  4974 | D:6      | Reached XP level 8. HP: 65/70 MP: 7/7
  4975 | D:6      | Reached ** piety under Yredelemnul
  5033 | D:6      | Noticed Edmund
  5058 | D:6      | Killed Edmund
  5059 | D:6      | Reached skill level 1 in Dodging
  5216 | D:6      | Found a radiant altar of Vehumet.
  5337 | D:6      | Found Vyloub's Jewellery Shoppe.
  5627 | D:6      | Found a glowing silver altar of Zin.
  5714 | D:7      | Noticed Maggie
  5738 | D:7      | Noticed a hornet
  5747 | D:7      | Killed a hornet
  5761 | D:7      | Killed Maggie
  5762 | D:7      | Reached XP level 9. HP: 16/78 MP: 8/8
  5768 | D:7      | Your ally Maggie died
  6586 | D:7      | Reached *** piety under Yredelemnul
  7237 | D:7      | Found a large runed translucent door.
  7237 | D:7      | Found a large runed translucent door.
  7252 | D:7      | Noticed tizbic2's ghost (novice OgTm)
  7264 | D:7      | Reached **** piety under Yredelemnul
  7319 | D:7      | Killed tizbic2's ghost
  7320 | D:7      | Reached XP level 10. HP: 60/88 MP: 9/9
  7557 | D:8      | HP: 2/88 [steam dragon (8)]
  7869 | D:8      | Reached skill level 10 in Shields
  7940 | D:8      | Found a flagged portal.
  7952 | Bailey   | Entered a bailey
  8104 | Bailey   | Identified the +0 ring mail of Suriz {Dex+5}
  8111 | Bailey   | Reached skill level 10 in Maces & Flails
  8500 | D:8      | Noticed a two-headed ogre
  8510 | D:8      | Killed a two-headed ogre
  8758 | D:8      | Noticed a two-headed hydra
  9121 | D:6      | Killed a two-headed hydra
  9122 | D:6      | Reached skill level 10 in Armour
 10156 | D:9      | Reached XP level 11. HP: 83/95 MP: 10/10
 10633 | D:10     | Entered Level 10 of the Dungeon
 10785 | D:10     | Found Panwebad's Distillery.
 10793 | D:10     | Bought a potion of heal wounds for 65 gold pieces
 10793 | D:10     | Bought a potion of heal wounds for 65 gold pieces
 10793 | D:10     | Bought a potion of heal wounds for 65 gold pieces
 10793 | D:10     | Bought a potion of might for 52 gold pieces
 10793 | D:10     | Bought 3 potions of curing for 117 gold pieces
 10793 | D:10     | Bought a potion of curing for 39 gold pieces
 10793 | D:10     | Bought a potion of curing for 39 gold pieces
 10897 | D:10     | Found an ornate altar of the Wu Jian Council.
 11273 | D:10     | Found a staircase to the Lair.
 13638 | D:11     | Found a staircase to the Orcish Mines.
 13701 | D:11     | Noticed Harold
 13717 | D:11     | Killed Harold
 13877 | D:11     | Identified a scroll of acquirement
 13878 | D:11     | Acquired a +2 demon whip of venom
 13966 | D:11     | Noticed a red ugly thing
 13997 | D:11     | Killed a red ugly thing
 14001 | D:11     | Your ally Harold died
 14105 | D:11     | Found a runed translucent door.
 14117 | D:11     | Noticed Kazon's ghost (journeyman BaFi)
 14210 | D:11     | Killed Kazon's ghost
 14321 | Orc:1    | Entered Level 1 of the Orcish Mines
 14322 | Orc:1    | Noticed an orc knight
 14360 | D:11     | Killed an orc knight
 14513 | Orc:1    | Reached XP level 12. HP: 106/106 MP: 11/11
 14527 | Orc:1    | Reached skill level 10 in Fighting
 14872 | Orc:1    | Found Eiutsev's Eclectic Emporium.
 14888 | Orc:1    | Bought a scroll of enchant weapon for 127 gold pieces
 14943 | Orc:1    | Reached ***** piety under Yredelemnul
 15094 | Orc:1    | Noticed an orc high priest
 15193 | Orc:1    | Killed from afar by an orc priest

Illustrated notes

Levels and vault maps discovered:
D:1:      minmay_arrival_open_corners, layout_loops_corners,
          shapermc_ecumenical_altar_mp_highgroup, minmay_misc_feat_tiny
D:2:      layout_loops_ring, serial_shops, nicolae_shop_behind_doors
D:3:      layout_basic
D:4:      wander_river, layout_cave_pods, mainiacjoe_overflow_24_doors,
          cheibrodos_sewer_entry_bend
D:5:      layout_loops_ring, minmay_temple_entry_glassed_door, serial_shops,
          nicolae_shop_trees
D:6:      layout_basic, zin_statuary, lemuel_doored_altar, bloody_makhleb,
          serial_rivers, chequers_serial_rivers_marsh,
          chequers_serial_rivers_micro_a, chequers_serial_rivers_marsh,
          chequers_serial_rivers_micro_d, chequers_serial_rivers_room_b,
          serial_shops, nicolae_lakefront_shop, uniq_edmund
D:7:      minmay_the_grid_square_5x5_3x3
          [minmay_the_grid_square_5x5_three_walls,
          minmay_the_grid_square_5x5_percent,
          minmay_the_grid_square_5x5_intrusive_squares,
          minmay_the_grid_square_5x5_shuriken,
          minmay_the_grid_square_5x5_megaprize_hollow,
          minmay_the_grid_square_5x5_forky, minmay_the_grid_square_5x5_n,
          minmay_the_grid_square_5x5_bite,
          minmay_the_grid_square_5x5_almost_minimal], layout_rooms,
          ebering_ghost_disaster_area, uniq_maggie
D:8:      layout_rooms, enter_bailey_7, hangedman_ranch
D:9:      layout_stronghold, minmay_misc_feat_room
D:10:     layout_stronghold, mainiacjoe_overflow_small_starburst,
          erik_lair_island, serial_shops, shop_statue, serial_co_window_serial,
          co_window_of_opportunity_a, co_window_paths_b, co_window_paths_a,
          co_window_of_opportunity_a, co_window_paths_b, co_window_2corner,
          co_window_cross_2, co_window_broadway_c, co_window_paths_c,
          co_window_broadway_a, co_window_paths_e, glass_columns_b
D:11:     layout_small_grid, david_orc_4, ebering_ghost_reflecting_pool,
          uniq_harold
Temple:   bh_familiar_temple
Orc:1:    nicolae_orc_accident_2, layout_diamond_mine, nicolae_alphabet_shops

Skill      XL: |  1  2  3  4  5  6  7  8  9 10 11 12 |
---------------+-------------------------------------+-----
Armour         | 4 5 6 7 9 10 11 12 | 12.2
Axes           | 3 |  3.8
Fighting       | 4 5 6 7 8 9 10 | 10.2
Maces & Flails | 1 2 3 4 6 8 9 11 13 | 13.1
Shields        | 4 5 7 9 11 12 13 | 13.1
Dodging        | 1 2 |  2.1

Action                   |  1- 3 |  4- 6 |  7- 9 | 10-12 || total
-------------------------+-------+-------+-------+-------++-------
Melee: War axe           |    49 |       |       |       ||    49
       Headbutt          |    12 |     9 |    41 |   101 ||   163
       Mace              |    49 |    92 |   228 |   473 ||   842
       Demon whip        |       |       |       |    48 ||    48
  Use: Scroll            |     7 |     1 |     5 |    16 ||    29
       Potion            |       |     2 |     4 |     8 ||    14
 Stab: Distracted        |       |       |     2 |     3 ||     5
       Held in net/web   |       |       |       |     2 ||     2
Armor: Scale mail        |    14 |       |       |       ||    14
       Plate armour      |    97 |    55 |   152 |   222 ||   526
Dodge: Dodged            |    25 |     8 |    40 |    63 ||   136
Block: Buckler           |     2 |       |       |       ||     2
       Tower shield      |    85 |    59 |   197 |   442 ||   783
       Reflection        |       |       |       |     9 ||     9
